 Dungeon Crawl Stone Soup version 0.31-a0-626-g8143ab4f1d (webtiles) character file.

Game seed: 6355754961423560

5769 Fodor the Cleaver (level 10, 0/90 HPs)
             Began as a Minotaur Fighter on Aug 24, 2023.
             Was an Initiate of Gozag.
             Slain by a yak (3 damage)
             ... on level 10 of the Dungeon.
             The game lasted 00:40:30 (8158 turns).

Fodor the Cleaver (Minotaur Fighter)                Turns: 8158, Time: 00:40:32

Health: 0/90       AC: 25    Str: 25    XL:     10   Next: 49%
Magic:  9/9        EV:  8    Int:  5    God:    Gozag
Gold:   662        SH:  0    Dex: 16    Spells: 9/9 levels left

rFire   . . .        G - +9 battleaxe (flame)
rCold   . . .        (shield currently unavailable)
rNeg    . . .        n - +3 plate armour
rPois   .            (helmet restricted)
rElec   .            (no cloak)
rCorr   .            (no gloves)
SInv    .            I - +3 pair of seven-league boots {Rampage+∞}
Will    .....        (no amulet) Stlth
                     C - +6 ring of dexterity
HPRegen 0.35/turn    b - +4 ring of protection
MPRegen 0.11/turn

%: rampage+∞
@: brilliant, studying Unarmed Combat
A: horns 2, retaliatory headbutt
a: Renounce Religion, Potion Petition, Call Merchant, Bribe Branch


You were on level 10 of the Dungeon.
You worshipped Gozag.
Gozag was pleased with you.
You visited 2 branches of the dungeon, and saw 11 of its levels.
You also visited: Ossuary.

You collected 1324 gold pieces.
You spent 619 gold pieces at shops.
You paid 43 gold pieces to Gozag.

Inventory:

Hand Weapons
 G - a +9 battleaxe of flaming (weapon)
Missiles
 j - 35 poisoned darts (quivered)
 k - 11 javelins
 D - 7 boomerangs
Armour
 c - a +0 buckler
 n - a +3 plate armour (worn)
 I - the +3 pair of seven-league boots (worn) {Rampage+∞}
   (You found it on level 8 of the Dungeon)

   Rampage+∞: When moving toward enemies, its wearer moves as far as possible,
   alerting their target en route.
Jewellery
 b - a +4 ring of protection (right hand)
 C - a +6 ring of dexterity (left hand)
Talismans
 H - a flux talisman
Scrolls
 f - 3 scrolls of revelation
 h - 5 scrolls of teleportation
 i - a scroll of acquirement {unknown}
 m - a scroll of immolation {unknown}
 p - a scroll of torment {unknown}
 s - a scroll of fear {unknown}
 u - 5 scrolls of poison
 x - 3 scrolls of amnesia
 y - a scroll of blinking
 F - 2 scrolls of vulnerability
Potions
 a - 2 potions of mutation {unknown}
 d - 2 potions of might
 e - 3 potions of brilliance
 o - a potion of curing
 r - 2 potions of attraction {unknown}
 w - a potion of invisibility {unknown}
 z - 2 potions of resistance {unknown}
 A - a potion of haste {unknown}
 B - 2 potions of magic {unknown}
 E - 2 potions of lignification {unknown}


   Skills:
 + Level 8.8 Fighting
 + Level 6.2 Long Blades
 + Level 12.2 Axes
 + Level 1.0 Throwing
 + Level 9.4 Armour
 + Level 2.2 Dodging
 + Level 0.6 Stealth
 + Level 5.9 Shields


You had 9 spell levels left.
You didn't know any spells.
Your spell library contained the following spells:

 Spells                   Type           Power      Damage    Failure   Level
 Ignite Poison            Fire/Tmut/Pois 0%         N/A       100%        3
 Sticky Flame             Conj/Fire      0%         2d3       100%        4
 Ignition                 Fire           0%         3d3       100%        8


Dungeon Overview and Level Annotations

Branches:
Dungeon (10/15)            Temple (1/1) D:4            Lair (0/5) D:8
Ossuary (visited)
    Orc: D:9-12

Altars:
Ashenzari
Cheibriados
Dithmenos
Elyvilon
Fedhas
Gozag
Hepliaklqana
Kikubaaqudgha
Makhleb
Nemelex Xobeh
Okawaru
Qazlal
Ru
Sif Muna
Trog
Uskayaw
Vehumet
Wu Jian
Xom
Yredelemnul
Zin
The Shining One

Shops:
D:7 (


Innate Abilities, Weirdness & Mutations

You have a pair of horns on your head.
You reflexively headbutt those who attack you in melee.


Message History

The efreet attacks as it pursues you!
The efreet hits you with a +4 scimitar of flaming!
* * * LOW HITPOINT WARNING * * *
The efreet burns you.
* * * LOW HITPOINT WARNING * * *
Your surroundings suddenly seem different. 4 yaks and 3 gnolls come into view.
Found a citrine-encrusted ring mail.
Found a stone staircase leading down.
The yak bellows! x4; The gnoll shouts! x3; You hear a shout! x3
The yak gores you but does no damage.
The gnoll moves out of view.
A gnoll sergeant comes into view. It is wielding a +0 spear.
The gnoll sergeant shouts!
You hit the yak. You burn the yak.
The yak is lightly wounded.
A gnoll comes into view. It is wielding a +0 halberd.
The yak completely misses you. You furiously retaliate!
You headbutt the yak! The gnoll hits you but does no damage.
It was a potion of curing.
You feel better.
The gnoll shouts!
A kobold comes into view. It is wielding a +0 club.
The gnoll barely misses you.
A gnoll comes into view. It is wielding a +0 club.
The yak gores you!
* * * LOW HITPOINT WARNING * * *
The yak gores you but does no damage. x2
You feel better.
The gnoll shouts!
The gnoll hits you but does no damage. The yak gores you but does no damage.
The yak barely misses you. You furiously retaliate!
You headbutt the yak! The yak gores you!
* * * LOW HITPOINT WARNING * * *
The yak gores you but does no damage.
A troll comes into view.
You feel better. The gnoll hits you but does no damage. The yak gores you!
* * * LOW HITPOINT WARNING * * *
The yak gores you.
* * * LOW HITPOINT WARNING * * *
The yak gores you.
You die...
Your body crumbles into a pile of gold.

#####
####...####
T#.........#.#.
......YY.g.ggg.
#.Y@# #.Y.#
.......
#.......#
#.......#
#.###[..# #.
#...# # ....#


You could see 4 yaks, a troll, a gnoll sergeant and 3 gnolls.

Vanquished Creatures
  A cyclops (D:10)
  A meliai (shapeshifter) (D:10)
  A troll (D:9)
  Sigmund (D:2)
  7 yaks
  2 wyverns (D:8)
  3 basilisks (D:8)
  2 acid dragons (D:8)
  4 water moccasins
  A black bear (D:7)
  2 orc warriors
  2 ice beasts
  A sky beast (D:5)
  2 ogres (D:7)
  2 phantoms
  3 kobold brigands
  3 elf zombies (Ossuary)
  A bullfrog (D:7)
  2 howler monkeys
  4 centaur zombies (Ossuary)
  A hound (D:7)
  A jelly (D:8)
  5 human zombies (Ossuary)
  4 orc priests
  2 iguanas (D:5)
  9 orc wizards
  Natasha (thrice) (D:2)
  4 mummies
  7 adders
  4 gnolls (D:5)
  A white imp (D:8)
  3 worms
  A dart slug (D:4)
  23 orcs
  9 endoplasms
  3 giant cockroaches
  5 hobgoblins
  5 jackals (D:2)
  3 quokkas
  6 ball pythons
  5 bats
  3 frilled lizards
  4 goblins
  24 kobolds
  10 rats
190 creatures vanquished.

Notes
Turn   | Place    | Note
-------+----------+-------------------------------------------
     0 | D:1      | Fodor the Minotaur Fighter began the quest for the Orb.
     0 | D:1      | Reached XP level 1. HP: 19/19 MP: 0/0
   407 | D:1      | Reached XP level 2. HP: 25/27 MP: 1/1
   550 | D:1      | Found a faded altar of an unknown god.
  1242 | D:2      | Reached XP level 3. HP: 33/33 MP: 2/2
  1293 | D:2      | Noticed Natasha
  1303 | D:2      | Killed Natasha
  1421 | D:2      | Noticed Sigmund
  1442 | D:2      | Killed Sigmund
  1443 | D:2      | Reached skill level 5 in Armour
  1443 | D:2      | Reached skill level 1 in Dodging
  1443 | D:2      | Reached XP level 4. HP: 19/41 MP: 3/3
  1443 | D:2      | Reached XP level 5. HP: 22/47 MP: 4/4
  1475 | D:2      | Noticed Natasha
  1484 | D:2      | Killed Natasha
  1533 | D:2      | Noticed Natasha
  1545 | D:2      | Killed Natasha
  1546 | D:2      | Reached skill level 5 in Long Blades
  1546 | D:2      | Reached XP level 6. HP: 44/53 MP: 5/5
  1798 | D:3      | Found a glowing golden altar of the Shining One.
  2455 | D:4      | Reached skill level 5 in Fighting
  2789 | D:4      | Found a staircase to the Ecumenical Temple.
  2796 | Temple   | Entered the Ecumenical Temple
  2820 | Temple   | Became a worshipper of Gozag Ym Sagoz the Greedy
  3060 | D:5      | Entered Level 5 of the Dungeon
  3072 | D:5      | Found a sand-covered staircase.
  3076 | Ossuary  | Entered an ossuary
  3133 | Ossuary  | Reached skill level 1 in Axes
  3140 | Ossuary  | Reached XP level 7. HP: 57/61 MP: 6/6
  3153 | Ossuary  | Reached skill level 2 in Axes
  3199 | Ossuary  | Reached skill level 3 in Axes
  3248 | Ossuary  | Reached skill level 4 in Axes
  3547 | D:5      | Reached XP level 8. HP: 62/70 MP: 7/7
  3606 | D:5      | Reached skill level 5 in Axes
  4311 | D:5      | Reached skill level 5 in Shields
  4356 | D:5      | Found a radiant altar of Vehumet.
  4365 | D:5      | Reached skill level 6 in Axes
  4986 | D:7      | Found a hazy altar of Hepliaklqana.
  5013 | D:7      | Reached skill level 7 in Axes
  5262 | D:7      | Found Guzecr Pisch's Weapon Shoppe.
  5420 | D:7      | Found a glowing silver altar of Zin.
  5552 | D:7      | Reached XP level 9. HP: 61/79 MP: 8/8
  5648 | D:7      | Reached skill level 8 in Axes
  5817 | D:7      | Found a snail-covered altar of Cheibriados.
  6240 | D:7      | Bought a +5 battleaxe of flaming for 619 gold pieces
  6392 | D:8      | Found a bloodstained altar of Trog.
  6531 | D:8      | Reached skill level 9 in Axes
  6611 | D:8      | Found a staircase to the Lair.
  6611 | D:8      | Found the +3 pair of seven-league boots {Rampage+∞}
  6815 | D:8      | Reached skill level 10 in Axes
  6951 | D:8      | Found a stormy altar of Qazlal.
  7031 | D:9      | Noticed a troll
  7041 | D:9      | Killed a troll
  7269 | D:9      | Reached XP level 10. HP: 70/88 MP: 9/9
  7343 | D:9      | Reached skill level 11 in Axes
  7902 | D:10     | Entered Level 10 of the Dungeon
  8133 | D:10     | Noticed a cyclops
  8133 | D:10     | Noticed a cyclops
  8134 | D:10     | Noticed a cane toad
  8142 | D:10     | a cane toad changed into a meliai
  8145 | D:10     | Reached skill level 1 in Throwing
  8147 | D:10     | Killed a cyclops
  8148 | D:10     | Reached skill level 12 in Axes
  8158 | D:10     | HP: 3/90 [yak (2)]
  8158 | D:10     | Slain by a yak

Illustrated notes

Levels and vault maps discovered:
D:1:      heliophobic_arrival_battle_scene, layout_loops_corners,
          dilly_ecumenical_altar_fadedgnrine
D:2:      layout_basic, uniq_sigmund, uniq_natasha
D:3:      layout_loops_ring, lemuel_crystal_altar
D:4:      layout_cave_pools, minmay_temple_entry_nine_rooms, serial_bayou,
          serial_bayou_pond_b, serial_bayou_pond_e, serial_bayou_pond_c,
          serial_bayou_shore_b
D:5:      layout_rooms, fiery_altar_vehumet, enter_ossuary_5
D:6:      layout_rooms
D:7:      layout_rooms, amcnicky_altar_gilded,
          mainiacjoe_overflow_six_doors_small, chei_slow_surprise,
          serial_co_window_serial, co_window_paths_a,
          co_window_of_opportunity_a, co_window_paths_a, co_window_paths_b,
          co_window_paths_a, co_window_paths_c, co_window_paths_c,
          co_window_broadway_b, co_window_broadway_a, co_window_cross_3,
          co_window_broadway_a, co_window_corner_b, co_window_paths_d,
          glass_columns_a, serial_shops, shop
D:8:      layout_cave_pools, mainiacjoe_overflow_small_starburst,
          mainiacjoe_overflow_catwalk, erik_lair_dragon, nrook_loot_triangle
D:9:      layout_basic
D:10:     layout_basic, minmay_the_grid_2x2 [minmay_the_grid_spin_star,
          minmay_the_grid_slots, minmay_the_grid_embedded,
          minmay_the_grid_prize_trominoes], uniq_harold
Temple:   regret_index_temple_waves

Skill      XL: |  1  2  3  4  5  6  7  8  9 10 |
---------------+-------------------------------+-----
Fighting       | 4 5 6 7 8 |  8.8
Armour         | 4 5 6 7 8 9 |  9.4
Long Blades    | 4 5 6 |  6.2
Dodging        | 1 2 |  2.2
Shields        | 4 5 |  5.9
Axes           | 1 4 7 10 12 | 12.2
Throwing       | 1 |  1.0
Stealth        | |  0.6

Action                     |  1- 3 |  4- 6 |  7- 9 | 10-12 || total
---------------------------+-------+-------+-------+-------++-------
  Melee: Long sword        |    86 |   125 |       |       ||   211
         Headbutt          |    10 |    24 |    48 |     7 ||    89
         War axe           |       |    13 |   175 |       ||   188
         Battleaxe         |       |       |    60 |    54 ||   114
  Throw: Dart              |     2 |       |     4 |       ||     6
    Use: Scroll            |       |       |    14 |     1 ||    15
         Potion            |       |       |       |     4 ||     4
 Armour: Scale mail        |    32 |       |       |       ||    32
         Plate armour      |     8 |   114 |   147 |    36 ||   305
  Dodge: Dodged            |    50 |    63 |    89 |    16 ||   218
  Block: Buckler           |    16 |    27 |    36 |       ||    79

Table legend: (Time is in decaauts)
 A = Elapsed time spent in this place.
 B = Non-inter-level travel time spent in this place.
 C = Inter-level travel time spent in this place.
 D = Time resting spent in this place.
 E = Time spent auto-exploring this place.
 F = Levels seen in this place.
 G = Mean time per level.
                   A        B        C        D        E       F      G
               +--------+--------+--------+--------+--------+-----+--------+
         Total |   8278 |   7895 |    383 |   1231 |      0 |  12 |  689.8 |
       Dungeon |   7993 |   7610 |    383 |   1231 |      0 |  10 |  799.3 |
        Temple |     46 |     46 |      0 |      0 |      0 |   1 |   46.0 |
       Ossuary |    238 |    238 |      0 |      0 |      0 |   1 |  238.0 |
               +--------+--------+--------+--------+--------+-----+--------+

Top non-repeatable levels by time:
     D:5: 1331 daAuts
     D:7: 1330 daAuts
     D:1: 1041 daAuts
     D:9: 911 daAuts
     D:2: 784 daAuts
     D:8: 743 daAuts
     D:4: 649 daAuts
     D:3: 588 daAuts
     D:6: 352 daAuts
    D:10: 259 daAuts
 Ossuary: 238 daAuts
  Temple: 46 daAuts
